Map: Ascension to Aiur LE

Players

Justice

  • Race: Protoss Protoss
  • League: Diamond
  • Spawn Location: 11:00

DestinyKid - Winner!

  • Race: Zerg Zerg
  • League: Diamond
  • Spawn Location: 5:00

VOD

Have the link to the VOD?

Description

Time

  • Played on: Sept. 20, 2017, 1:05 a.m.
  • Length: 14:28
Show
View Real Time Build Order
Export as new Build Order

Justice Protoss 

Build Orders: 1 Gate Expand, Zealot Archon 

Get SALT Encoding   

  12  0:01  Probe (Chrono Boost)  
  13  0:11  Probe (Chrono Boost)  
  14  0:20  Pylon  
  14  0:23  Probe (Chrono Boost)  
  15  0:38  Probe (Chrono Boost)  
  15  0:42  Gateway  
  16  0:49  Probe (Chrono Boost)  
  17  0:59  Probe (Chrono Boost)  
  18  1:12  Nexus  
  18  1:15  Probe (Chrono Boost)  
  19  1:30  Cybernetics Core  
  19  1:34  Probe (Chrono Boost)  
  19  1:35  Assimilator  
  20  1:40  Assimilator  
  20  1:44  Zealot  
  22  1:54  Pylon  
  22  1:57  Probe (Chrono Boost)  
  23  2:06  Warp Gate (Chrono Boost)  
  23  2:10  Pylon  
  23  2:12  Zealot  
  25  2:18  Probe  
  26  2:26  Probe, Forge  
  27  2:33  Probe  
  28  2:40  Zealot  
  28  2:41  Probe  
  31  2:54  Protoss Ground Weapons Level 1 (Chrono Boost)  
  31  2:56  Gateway, Probe  
  32  3:06  Probe  
  32  3:08  Probe  
  34  3:15  Photon Cannon  
  34  3:18  Probe  
  35  3:20  Probe  
  36  3:30  Probe  
  36  3:33  Probe  
  38  3:38  Photon Cannon  
  38  3:47  Gateway  
  39  3:48  Probe (Chrono Boost)  
  39  3:49  Probe (Chrono Boost), Pylon  
  40  4:02  Gateway  
  40  4:09  Twilight Council  
  40  4:13  Probe x2 (Chrono Boost), Pylon  
  40  4:16  Assimilator  
  42  4:23  Probe (Chrono Boost)  
  44  4:25  Probe (Chrono Boost), Pylon  
  44  4:33  Gateway  
  44  4:34  Probe (Chrono Boost), Protoss Shields Level 1  
  44  4:37  Photon Cannon  
  44  4:38  Probe (Chrono Boost)  
  46  4:42  Pylon  
  46  4:44  Probe (Chrono Boost)  
  47  4:53  Charge (Chrono Boost)  
  47  5:02  Photon Cannon, Probe  
  47  5:03  Probe  
  49  5:10  Pylon  
  49  5:17  Gateway  
  49  5:19  Photon Cannon  
  49  5:22  Zealot x2  
  53  5:29  Templar Archives  
  53  5:34  Zealot x2  
  57  5:37  Assimilator  
  57  5:38  Probe x2  
  57  5:41  Zealot  
  61  5:53  Gateway, Photon Cannon  
  61  5:59  Pylon  
  61  6:03  Zealot x2  
  61  6:04  Zealot  
  67  6:06  High Templar  
  67  6:07  High Templar  
  67  6:10  Protoss Ground Weapons Level 2  
  71  6:13  Gateway  
  71  6:15  Pylon  
  71  6:21  Archon  
  71  6:27  Resonating Glaives (Chrono Boost)  
  71  6:39  High Templar x3  
  77  6:40  High Templar  
  77  6:44  Archon x2  
  79  7:03  High Templar  
  79  7:04  High Templar  
  79  7:08  Archon  
  83  7:22  Nexus  
  83  7:25  Pylon  
  83  7:27  Pylon  
  84  7:30  Probe x2, Pylon  
  84  7:34  Pylon  
  84  7:36  Adept x7  
  84  7:37  Adept  
  101  7:43  Photon Cannon  
  101  7:44  Photon Cannon  
  101  7:48  Photon Cannon x2  
  101  8:01  Robotics Facility  
  101  8:10  Assimilator  
  101  8:15  Photon Cannon  
  101  8:16  Photon Cannon, Probe (Chrono Boost)  
  101  8:17  Probe (Chrono Boost)  
  99  8:34  Zealot x3  
  99  8:35  Zealot x4  
  113  8:49  Pylon  
  113  8:51  Immortal  
  103  9:01  High Templar x2  
  103  9:02  High Templar x2  
  95  9:03  High Templar  
  95  9:04  High Templar  
  95  9:05  Zealot x2  
  95  9:07  Archon x2  
  95  9:08  Archon  
  70  10:08  Zealot x2  
  70  10:09  Zealot x5  
  84  10:15  Immortal  
  88  10:29  High Templar x3  
  88  10:30  High Templar, Zealot  
  88  10:32  Zealot  
  88  10:33  Nexus, Zealot x2  
  88  10:34  Archon x2  
  104  10:56  High Templar x2  
  108  10:57  Zealot x2  
  108  11:00  Archon  
  64  11:49  Probe (Chrono Boost)  
  61  12:24  Nexus  
  23  13:34  Probe (Chrono Boost)  
  14  13:45  Probe (Chrono Boost)  
Show
View Real Time Build Order
Export as new Build Order

DestinyKid Zerg - Winner!

Build Orders: Pool First 

Get SALT Encoding   

  12  0:01  Drone  
  13  0:14  Overlord  
  13  0:24  Drone  
  14  0:37  Spawning Pool  
  14  0:42  Drone  
  14  0:47  Drone  
  15  0:51  Drone  
  15  0:55  Drone  
  17  1:01  Extractor  
  16  1:04  Drone  
  17  1:22  Hatchery  
  17  1:28  Hatchery  
  16  1:39  Queen  
  18  1:42  Drone  
  19  1:49  Drone x2  
  21  1:56  Overlord  
  21  2:09  Drone  
  22  2:22  Drone  
  23  2:29  Drone  
  24  2:37  Drone  
  24  2:39  Hatchery  
  24  2:41  Drone  
  24  2:42  Queen  
  27  2:52  Drone x4  
  31  3:00  Drone  
  31  3:03  Drone  
  33  3:12  Drone x2  
  35  3:17  Drone  
  36  3:22  Overlord x2  
  36  3:31  Overlord  
  36  3:41  Drone  
  36  3:42  Drone x3  
  40  3:53  Drone  
  40  3:54  Drone x8  
  49  3:58  Extractor  
  49  3:59  Extractor  
  47  4:04  Evolution Chamber  
  47  4:05  Drone, Roach Warren  
  47  4:06  Drone x2  
  48  4:13  Extractor  
  48  4:16  Queen  
  49  4:18  Drone x3  
  52  4:34  Zerg Missile Weapons Level 1  
  52  4:47  Lair  
  52  4:48  Overlord x2  
  52  4:57  Drone  
  52  4:58  Drone x13  
  66  5:10  Overlord  
  66  5:11  Overlord x2  
  66  5:16  Extractor  
  66  5:19  Zergling x2  
  66  5:20  Extractor  
  65  5:29  Drone  
  65  5:30  Drone x2  
  68  5:37  Drone x3  
  68  5:38  Drone x2  
  73  5:46  Overseer  
  73  5:49  Glial Reconstitution  
  73  5:53  Evolution Chamber  
  72  6:06  Hydralisk Den  
  72  6:10  Hatchery  
  70  6:12  Roach x16  
  102  6:32  Zerg Missile Weapons Level 2  
  102  6:33  Zerg Ground Armor Level 1  
  102  6:52  Roach, Hydralisk  
  106  6:54  Overlord x3  
  106  6:55  Overlord x2  
  106  7:13  Infestation Pit  
  107  7:19  Hydralisk  
  107  7:20  Hydralisk x15  
  137  7:23  Roach x3  
  137  7:25  Overlord  
  143  7:33  Hatchery  
  143  7:36  Roach  
  144  7:37  Overlord x2  
  144  7:38  Overlord  
  144  7:46  Roach  
  144  7:47  Roach x3  
  144  7:48  Overlord x2  
  152  7:53  Hive  
  152  8:01  Roach x4  
  152  8:02  Roach  
  162  8:06  Roach x2  
  166  8:15  Drone x8  
  166  8:19  Queen  
  176  8:27  Ravager  
  176  8:28  Ravager x11  
  176  8:32  Roach  
  190  8:44  Zerg Ground Armor Level 2  
  171  9:09  Roach  
  183  9:10  Roach x14  
  197  9:24  Roach, Overlord  
  197  9:26  Queen  
  197  9:28  Roach  
  197  9:29  Roach x4  
  189  9:38  Roach  
  189  9:39  Roach x4  
  189  9:40  Overlord  
  189  9:41  Overlord  
  178  10:09  Drone  
  178  10:10  Drone x20  
  197  10:37  Queen  
  197  10:40  Muscular Augments  
  199  10:46  Drone  
  199  10:47  Spire, Drone  
  199  10:49  Extractor  
  199  10:50  Extractor  
  192  11:27  Hydralisk x4  
  165  12:08  Hydralisk x8  
  164  12:09  Hydralisk x6  
  164  12:11  Overlord x2  
  178  12:33  Hatchery  
  143  12:46  Spine Crawler  
  143  12:47  Hatchery  
  125  13:08  Spawning Pool  
Tags
 
Add a new tag
Caveats
  • Supply blocks, unpowered buildings, or Contaminate may cause inaccurate times.
  • Supply counts are checked every 10 seconds.